 Dungeon Crawl Stone Soup version 0.30-b1-2-g02819fbbbe (webtiles) character file.

Game seed: 2936447826194417932

187 Lordstoney the Caller (level 5, -4/35 HPs)
             Began as a Barachi Summoner on July 11, 2023.
             Slain by a scorpion (6 damage)
             ... on level 4 of the Dungeon.
             The game lasted 00:11:31 (2666 turns).

Lordstoney the Caller (Barachi Summoner)            Turns: 2666, Time: 00:11:32

Health: -4/35      AC:  2    Str: 15    XL:     5   Next: 66%
Magic:  1/11       EV: 12    Int: 17    God:
Gold:   142        SH:  0    Dex: 13    Spells: 4/12 levels left

rFire   . . .        (no weapon)
rCold   . . .        (no shield)
rNeg    . . .        a - +0 robe
rPois   .            (no helmet)
rElec   .            (no cloak)
rCorr   .            (no gloves)
SInv    .            (no boots)
Will    .....        (no amulet)
Stlth   ++           c - +6 ring of strength
HPRegen 0.25/turn    (no ring)
MPRegen 0.12/turn

%: no passive effects
@: slow
A: amphibious, slowness 1, strong legs 1, +LOS
a: Hop


You were on level 4 of the Dungeon.
You visited 1 branch of the dungeon, and saw 4 of its levels.

You collected 142 gold pieces.

Inventory:

Armour
 a - a +0 robe (worn)
Jewellery
 c - a +6 ring of strength (left hand)
Scrolls
 e - 3 scrolls of identify {unknown}
 g - 2 scrolls of magic mapping
 h - a scroll of fear
 i - 2 scrolls of brand weapon
 j - a scroll of poison {unknown}
 k - a scroll of noise {unknown}
 m - 2 scrolls of teleportation {unknown}
 n - a scroll of blinking {unknown}
 p - a scroll of amnesia {unknown}
Potions
 d - a potion of might {unknown}
 f - a potion of lignification
 l - a potion of heal wounds {unknown}
 o - a potion of ambrosia {unknown}


   Skills:
 + Level 0.2 Fighting
 + Level 2.3 Dodging
 + Level 1.9 Stealth
 + Level 0.8 Unarmed Combat
 + Level 4.0 Spellcasting
 + Level 6.5 Summonings
 + Level 0.9 Evocations


You had 4 spell levels left.
You knew the following spells:

 Your Spells              Type           Power      Damage    Failure   Level
a - Summon Small Mammal   Summ           100%       N/A       1%          1
b - Call Canine Familiar  Summ           25%        N/A       3%          3
c - Summon Lightning Spi  Summ/Air       14%        N/A       38%         4

Your spell library contained the following spells:

 Spells                   Type           Power      Damage    Failure   Level
 Call Imp                 Summ           50%        N/A       1%          2
 Summon Guardian Golem    Hex/Summ       14%        N/A       12%         3
 Scorch                   Fire           6%         2d5       24%         2
 Inner Flame              Hex/Fire       3%         N/A       43%         3
 Flame Wave               Conj/Fire      3%         2d5       83%         4
 Sticky Flame             Conj/Fire      3%         2d3       83%         4
 Summon Cactus Giant      Summ           12%        N/A       86%         6


Dungeon Overview and Level Annotations

Branches:
Dungeon (4/15)
 Temple: D:4-7

Altars:
Ashenzari
Fedhas


Innate Abilities, Weirdness & Mutations

You are amphibious.
You cover ground slowly.
You can hop short distances.
You have an extended range of vision and can be seen from far away.


Message History

Confirm with . or Enter, or press ? or * to list all spells.
Your rat barely misses the gnoll.
The scorpion stings your rat!
Your rat dies!
Your rat's corpse disappears in a puff of smoke!
The gnoll closely misses you.
You swap places.
Your quokka bites the gnoll but does no damage.
The gnoll hits your quokka with a +0 club.
Your quokka bites the gnoll.
The gnoll hits your quokka with a +0 club.
Your quokka dies!
Your quokka's corpse disappears in a puff of smoke!
Casting: Summon Small Mammal (safe; 1% risk of failure)
Confirm with . or Enter, or press ? or * to list all spells.
You don't have enough magic to cast this spell.
Aiming: Charm
Press: ? - help, Shift-Dir - straight line, f - gnoll
Aim: a gnoll, wielding a +0 club (black smoke, severely wounded, chance to affect: 60%)
The gnoll is charmed.
The now-empty wand crumbles to dust.
Something stings your gnoll.
Your gnoll dies!
Your Spellcasting skill increases to level 4!
Things that are here:
a +0 halberd; a gnoll corpse
Casting: Summon Small Mammal (safe; 1% risk of failure)
Confirm with . or Enter, or press ? or * to list all spells.
The scorpion misses you.
Your quokka bites the scorpion.
The scorpion stings you.
* * * LOW HITPOINT WARNING * * *
The scorpion attacks as you move away! The scorpion stings you.
* * * LOW HITPOINT WARNING * * *
Your quokka completely misses the scorpion.
You see here a +0 flail.
The scorpion closely misses you.
Items here: )) = †.
Your quokka closely misses the scorpion.
Casting: Summon Small Mammal (safe; 1% risk of failure)
Confirm with . or Enter, or press ? or * to list all spells.
The scorpion stings you.
You die...

#.# #.# #.# #.#
## #.# ...
#.######## ...#
#........# ...#
#..#####.##...#..
#...@srr.).....~~
##<#####)##.....~
#.#####.# ..~♣
#.....).# P~
#########


You could see a scorpion (ally target) and 2 friendly quokkas.

Vanquished Creatures
  Jessica (D:2)
  2 adders
  A dart slug (D:3)
  An endoplasm (D:3)
  A giant cockroach (D:3)
  2 hobgoblins (D:1)
  A kobold (D:3)
  2 quokkas
  A frilled lizard (D:3)
  2 rats
14 creatures vanquished.

Vanquished Creatures (collateral kills)
  A gnoll bouda (D:4)
  4 gnolls (D:4)
  An adder (D:4)
  A worm (D:3)
  An orc (D:3)
  A bat (D:3)
  3 endoplasms
  A giant cockroach (D:1)
  2 goblins
  7 hobgoblins
  3 jackals (D:1)
  3 kobolds
  A quokka (D:3)
  3 ball pythons (D:1)
  3 frilled lizards
  4 rats
39 creatures vanquished.

Vanquished Creatures (others)
  A gnoll (D:4)
  8 plants (D:4)
9 creatures vanquished.

Grand Total: 62 creatures vanquished

Notes
Turn   | Place    | Note
-------+----------+-------------------------------------------
     0 | D:1      | Lordstoney the Barachi Summoner began the quest for the
                  | Orb.
     0 | D:1      | Reached XP level 1. HP: 13/13 MP: 3/3
    50 | D:1      | Reached skill level 5 in Summonings
   115 | D:1      | Reached XP level 2. HP: 19/19 MP: 1/5
   260 | D:1      | Found a faded altar of an unknown god.
   549 | D:1      | Reached XP level 3. HP: 20/24 MP: 4/6
   926 | D:2      | Noticed Jessica
   928 | D:2      | You fall into a shaft and drop 1 floor!
   948 | D:2      | Killed Jessica
   971 | D:2      | Reached skill level 6 in Summonings
  1050 | D:2      | Reached XP level 4. HP: 8/30 MP: 6/8
  1964 | D:3      | Found a blossoming altar of Fedhas.
  2441 | D:3      | Found a broken altar of Ashenzari.
  2598 | D:4      | Learned a level 3 spell: Call Canine Familiar
  2603 | D:4      | Learned a level 4 spell: Summon Lightning Spire
  2625 | D:4      | Reached XP level 5. HP: 25/35 MP: 4/10
  2663 | D:4      | HP: 1/35 [scorpion (6)]
  2666 | D:4      | Slain by a scorpion

Illustrated notes

Levels and vault maps discovered:
D:1:      heliophobic_arrival_battle_scene, layout_loops_ring,
          hellmonk_ecumenical_altar_inner_sanctum
D:2:      layout_basic, hangedman_decor_points, minivault_24, uniq_jessica
D:3:      layout_loops_cross, fedhas_altar_2, nicolae_overflow_crystal_walls
D:4:      layout_loops_corners, serial_shops,
          nicolae_shop_pleasant_corner_grove, serial_bayou, serial_bayou_pond_d,
          serial_bayou_pond_c, serial_bayou_shore_b, serial_bayou_crossing

Skill      XL: |  1  2  3  4  5 |
---------------+----------------+-----
Summonings     | 5 6 |  6.5
Spellcasting   | 3 4 |  4.0
Fighting       | |  0.2
Dodging        | |  2.3
Stealth        | |  1.9
Unarmed Combat | |  0.8
Evocations     | |  0.9

Action                     |  1- 3 |  4- 6 || total
---------------------------+-------+-------++-------
  Melee: Unarmed           |    34 |    40 ||    74
         Punch             |     1 |     1 ||     2
   Cast: Summon Small Mamm |    36 |    39 ||    75
         Summon Lightning  |       |     2 ||     2
         Call Canine Famil |       |     2 ||     2
  Evoke: Wand              |     3 |     7 ||    10
    Use: Scroll            |     1 |     2 ||     3
         Potion            |     1 |     1 ||     2
 Armour: Robe              |     8 |    17 ||    25
  Dodge: Dodged            |    29 |    43 ||    72
